 Dungeon Crawl Stone Soup version 0.26-a0-259-g1effd001a9 (webtiles) character file.

Game seed: 8044814388376325999

553 gruber the Reanimator (level 7, 0/46 HPs)
             Began as a Demonspawn Necromancer on July 26, 2020.
             Slain by an ice beast (8 damage)
             ... on level 5 of the Dungeon.
             The game lasted 00:06:27 (6128 turns).

gruber the Reanimator (Demonspawn Necromancer)      Turns: 6128, Time: 00:06:27

Health: 0/46       AC:  4    Str:  8    XL:     7   Next: 8%
Magic:  0/10       EV: 12    Int: 18    God:
Gold:   126        SH:  0    Dex: 14    Spells: 2/10 levels left

rFire    . . .     SeeInvis .   i - +1 dagger (speed)
rCold    . . .     Faith    .   (no shield)
rNeg     . . .     Spirit   +   a - +0 robe
rPois    .         Reflect  .   (no helmet)
rElec    .         Harm     .   (no cloak)
rCorr    .                      (no gloves)
MR       .....                  (no boots)
Stlth    +++.......             (no amulet)
HPRegen  0.15/turn              q - ring of stealth
MPRegen  0.12/turn              (no ring)

@: no status effects
A: molten scales 1, magic shield
a: no special abilities


You were on level 5 of the Dungeon.
You were not hungry.

You visited 1 branch of the dungeon, and saw 5 of its levels.

You collected 126 gold pieces.

Inventory:

Hand Weapons
 f - a +0 spear
 i - a +1 dagger of speed (weapon)
 k - a +1 dagger of draining
Missiles
 r - 22 poisoned darts (quivered)
Armour
 a - a +0 robe (worn)
Jewellery
 q - a ring of stealth (left hand)
Scrolls
 d - 2 scrolls of remove curse {unknown}
 e - 2 scrolls of enchant armour {unknown}
 g - a scroll of fog {unknown}
 h - 2 scrolls of enchant weapon {unknown}
 j - 3 scrolls of identify {unknown}
 n - a scroll of noise {unknown}
 o - a scroll of amnesia {unknown}
 p - 2 scrolls of magic mapping {unknown}
 s - a scroll of teleportation {unknown}
Potions
 b - 2 potions of lignification
 l - a potion of curing {unknown}
 m - a potion of stabbing {unknown}
Comestibles
 c - 13 rations


   Skills:
 - Level 1.7 Dodging
 - Level 1.7 Stealth
 - Level 2.0 Spellcasting
 + Level 9.4 Necromancy


You had 2 spell levels left.
You knew the following spells:

 Your Spells              Type           Power        Failure   Level
a - Pain                  Necr           ####         1%          1
b - Vampiric Draining     Necr           #####.....   1%          3
c - Animate Dead          Necr           #####.....   3%          4

Your spell library contained the following spells:

 Spells                   Type           Power        Failure   Level
 Animate Skeleton         Necr           #####.       1%          1
 Agony                    Necr           #####...     11%         5


Dungeon Overview and Level Annotations

Branches:
Dungeon (5/15)
 Temple: D:4-7

Altars:
Qazlal
Zin

Shops:
D:4 (   D:5 [


Innate Abilities, Weirdness & Mutations

You are partially covered in molten scales. (AC +2)
When hurt, damage is shared between your health and your magic reserves.


Message History

Aim: an ice beast (chance to defeat MR: 84%)
The ice beast writhes in agony!
The ice beast hits you. The ice beast freezes you!
Casting: Pain (safe; 1% risk of failure)
Confirm with . or Enter, or press ? or * to list all spells.
Aiming: Pain (safe; 1% risk of failure)
Press: ? - help, Shift-Dir - straight line, f/p - ice beast
Aim: an ice beast (moderately wounded, chance to defeat MR: 84%)
The ice beast writhes in agony.
The ice beast hits you. The ice beast freezes you!
* * * LOW HITPOINT WARNING * * *
Casting: Pain (safe; 1% risk of failure)
Confirm with . or Enter, or press ? or * to list all spells.
Aiming: Pain (safe; 1% risk of failure)
Press: ? - help, Shift-Dir - straight line, f/p - ice beast
Aim: an ice beast (heavily wounded, chance to defeat MR: 84%)
The ice beast writhes in agony.
The ice beast hits you.
* * * LOW HITPOINT WARNING * * *
The ice beast freezes you!
You die...

#.# ##.# #.# #.#
#######.# #.#
#.......#### #.#
#..........# #.#
#.########.# #.# #.#
####.####.# ###.#
#[.....Y#Y#
##...#####.##.##@#.#
........##.##)##.#.#
##<#.##..).........#
#.#.#####.##.##.###
#.#.# #.##.##.#
#.#.# #.......#
#.#.# ####.####
#.#.########.#
#.#..........#


You could see an ice beast.

Vanquished Creatures
  2 ogres
  A hound (D:4)
  An orc priest (D:4)
  4 orc wizards
  A hound skeleton (D:4)
  9 adders
  An ufetubus (D:5)
  2 oozes
  2 worms
  3 dart slugs
  4 leopard geckos
  10 orcs
  4 giant cockroaches
  8 hobgoblins
  4 jackals (D:1)
  3 kobolds
  4 quokkas
  A ball python (D:1)
  9 bats
  9 goblins
  A leopard gecko zombie (D:5)
  7 rats
90 creatures vanquished.

Notes
Turn   | Place    | Note
-------+----------+-------------------------------------------
     0 | D:1      | gruber the Demonspawn Necromancer began the quest for the
                  | Orb.
     0 | D:1      | Reached XP level 1. HP: 13/13 MP: 3/3
   664 | D:1      | Gained mutation: You are partially covered in molten
                  | scales. (AC +2) [demonic ancestry]
   664 | D:1      | Reached XP level 2. HP: 18/19 MP: 1/5
   825 | D:1      | Reached skill level 5 in Necromancy
  1644 | D:2      | Reached XP level 3. HP: 21/24 MP: 1/6
  1980 | D:2      | Reached skill level 6 in Necromancy
  2192 | D:2      | Gained mutation: When hurt, damage is shared between your
                  | health and your magic reserves. [demonic ancestry]
  2192 | D:2      | Reached XP level 4. HP: 24/30 MP: 7/7
  3095 | D:3      | Found a glowing silver altar of Zin.
  3394 | D:3      | Found a stormy altar of Qazlal.
  3487 | D:4      | Reached skill level 7 in Necromancy
  3487 | D:4      | Reached XP level 5. HP: 23/35 MP: 1/8
  4065 | D:4      | Reached skill level 8 in Necromancy
  4071 | D:4      | Reached XP level 6. HP: 15/41 MP: 0/9
  4753 | D:4      | Learned a level 3 spell: Vampiric Draining
  4758 | D:4      | Learned a level 4 spell: Animate Dead
  5037 | D:4      | Found Zetosy's Antique Weapon Emporium.
  5238 | D:5      | Entered Level 5 of the Dungeon
  5248 | D:5      | Reached skill level 9 in Necromancy
  5335 | D:5      | Reached XP level 7. HP: 28/46 MP: 0/10
  5949 | D:5      | Found Vuev's Armour Emporium.
  6128 | D:5      | Slain by an ice beast

Illustrated notes

Levels and vault maps discovered:
D:1:      psy_arrival_statuary, layout_basic
D:2:      layout_rooms
D:3:      layout_loops_ring, lemuel_doored_altar, zin_statuary, minmay_mini_jars
D:4:      layout_cave_pods, serial_shops, shop
D:5:      layout_loops_ring, minmay_temple_entry_poolview, first_ration,
          serial_shops, nicolae_shop_waterfront

Skill      XL: |  1  2  3  4  5  6 |
---------------+-------------------+-----
Necromancy     | 5 6 7 8 9 |  9.4
Dodging        | |  1.7
Stealth        | |  1.7
Spellcasting   | |  2.0

Action                   |  1- 3 |  4- 6 |  7- 9 || total
-------------------------+-------+-------+-------++-------
Melee: Unarmed           |     3 |       |       ||     3
       Spear             |    25 |       |       ||    25
       Dagger            |    31 |   116 |    56 ||   203
Throw: Dart              |       |       |     6 ||     6
 Cast: Pain              |    46 |    71 |     4 ||   121
       Vampiric Draining |       |     1 |     1 ||     2
       Animate Dead      |       |       |     1 ||     1
  Use: Potion            |       |       |     1 ||     1
 Stab: Sleeping          |     3 |     5 |       ||     8
  Eat: Ration            |     1 |     3 |     1 ||     5
Armor: Robe              |    18 |    40 |    18 ||    76
       Skin              |       |       |    38 ||    38
Dodge: Dodged            |    77 |    85 |    41 ||   203

Table legend:
 A = Non-vault XP
 B = Vault XP
 C = Vault XP percentage of total XP
 D = Non-vault monster count
 E = Vault monster count
 F = Vault count percentage of total count
                 A         B        C        D         E       F
            +---------+---------+-------+---------+---------+-------
      Total |     762 |      29 |   3.7 |      80 |      10 |  11.1
            +---------+---------+-------+---------+---------+-------
        D:1 |      44 |       0 |   0.0 |      18 |       0 |   0.0
        D:2 |      65 |       0 |   0.0 |      17 |       0 |   0.0
        D:3 |      39 |      29 |  42.6 |      18 |      10 |  35.7
        D:4 |     373 |       0 |   0.0 |      18 |       0 |   0.0
        D:5 |     241 |       0 |   0.0 |       9 |       0 |   0.0
            +---------+---------+-------+---------+---------+-------
